 Dungeon Crawl Stone Soup version 0.25-a0-523-g9afb2ee040 (webtiles) character file.

Game seed: 12486093342975879173, levelgen mode: classic

17 EnegeticOcto the Covered (level 2, -1/27 HPs)
             Began as a Deep Dwarf Fighter on Feb 18, 2020.
             Killed from afar by Sigmund (5 damage)
             ... with a puff of flame
             ... on level 3 of the Dungeon.
             The game lasted 00:00:14 (267 turns).

EnegeticOcto the Covered (Deep Dwarf Fighter)        Turns: 267, Time: 00:00:14

Health: -1/27      AC:  6    Str: 19    XL:     2   Next: 44%
Magic:  2/2        EV:  7    Int:  8    God:
Gold:   52         SH:  0    Dex: 12    Spells: 1/1 levels left

rFire    . . .     SeeInvis .   a - +0 war axe
rCold    . . .     Gourm    .   c - +0 kite shield
rNeg     . . .     Faith    .   b - +0 scale mail
rPois    .         Spirit   .   (no helmet)
rElec    .         Reflect  .   (no cloak)
rCorr    .         Harm     .   (no gloves)
MR       .....                  (no boots)
Stlth    ..........             (no amulet)
HPRegen  0.00/turn              (no ring)
MPRegen  0.08/turn              (no ring)

@: confused, non-regenerating
A: damage resistance, heal wounds, sense surroundings 1, no regeneration
a: Heal Wounds


You were on level 3 of the Dungeon.
You were not hungry.

You visited 1 branch of the dungeon, and saw 3 of its levels.

You collected 52 gold pieces.

Inventory:

Hand Weapons
 a - a +0 war axe (weapon)
Armour
 b - a +0 scale mail (worn)
 c - a +0 kite shield (worn)
Scrolls
 d - 2 scrolls of identify {unknown}
 g - a scroll of teleportation {unknown}
Potions
 k - a potion of might {@q3}
Comestibles
 e - 3 rations
 f - 6 chunks of flesh


   Skills:
 * Level 2.9 Fighting
 * Level 2.6 Axes
 + Level 3.4 Armour
 + Level 0.5 Dodging
 + Level 3.4 Shields


You had one spell level left.
You didn't know any spells.
Your spell library was empty.

Dungeon Overview and Level Annotations

Branches:
Dungeon (3/15)

Altars:

Annotations:
D:3 Sigmund, Terence


Innate Abilities, Weirdness & Mutations

You are resistant to damage.
You can heal yourself by infusing magical energy.
You passively map a small area around you.
You do not regenerate.


Message History

The adder bites you. The adder closely misses you.
You slash the adder!
You kill the adder!
No target in view!
No target in view!
No target in view!
No target in view!
No target in view!
No target in view!
No target in view!
No target in view!
(D) Dungeon
Where to? (Enter - D:2, ? - help)
There is a stone staircase leading down here.
You climb downwards.
Found a scroll labeled GUNATHREEGI and 11 gold pieces.
There is a stone staircase leading up here.
You now have 52 gold pieces (gained 11).
g - a scroll labeled GUNATHREEGI You open the door.
There is an open door here.
You open the door.
There is an open door here.
You open the door. You open the door.
Sigmund and Terence come into view.
Terence shouts!
Sigmund shouts!
Sigmund gestures wildly while chanting.
Sigmund flickers and vanishes!
Deactivating autopickup; reactivate with Ctrl-A.
Terence screams, "I'm going to kill you!"
Found 13 gold pieces.
Terence is nearby!
Terence is nearby!
Terence is nearby!
Terence is nearby!
Terence is nearby!
A jackal comes into view.
The jackal barks!
A jackal comes into view.
Something hits you!
There is an open door here.
You completely miss something. Something hits you but does no damage.
You completely miss Terence. You closely miss something.
You block Terence's attack.
You hear some strange, mumbled words.
A puff of flame appears from out of thin air!
The puff of flame hits you.
Terence bares his teeth.
Terence barely misses you.
You hit Terence.
Terence is lightly wounded.
You miss something. Something hits you. Terence screams, "I want your blood!"
You block Terence's attack.
You are too injured to fight recklessly!
You are too injured to fight recklessly!
You are too injured to fight recklessly!
You are too injured to fight recklessly!
You are too injured to fight recklessly!
You are too injured to fight recklessly!
You feel much better. Something hits you but does no damage.
You closely miss Terence.
Terence is lightly wounded.
You slash something! Terence hits you with a +0 flail. Something hits you!
Terence hits you but does no damage.
You barely miss Terence.
Terence is lightly wounded.
You hit something.
You hear some strange, mumbled words.
You are confused.
Terence hits you with a +0 flail.
You are too confused!
You are too confused!
You are too confused!
You are too confused!
You are too confused!
You are too confused!
You're too confused!
You are too confused!
You are too confused!
You are too confused!
You are too confused!
You are too confused!
You bump into the rock wall.
Something hits you. Terence closely misses you.
You completely miss something. You completely miss Terence.
You hear some strange, mumbled words.
A magic dart appears from out of thin air!
The magic dart hits you.
* * * LOW HITPOINT WARNING * * *
Terence hits you with a +0 flail.
* * * LOW HITPOINT WARNING * * *
You bump into the rock wall.
Something hits you but does no damage. Terence hits you with a +0 flail.
* * * LOW HITPOINT WARNING * * *
You bump into the rock wall.
You hear some strange, mumbled words.
A puff of flame appears from out of thin air!
The puff of flame hits you.
You die...

* , * *, * * * * *
, , ### * ,, ,#.# *
*, , #.# ######. *
, ,#.# ....... #. ^
#.##@h.$...
+.#######.'@{h.....
#.........#########
, #.........# ,
##.........######
...........'....+ ,
,
...........######,
#.........# *
######'#### , ,,
#.# ,


You could see Terence and 2 jackals.

Vanquished Creatures
  An adder (D:2)
  A bat (D:2)
  2 goblins (D:2)
  A hobgoblin (D:2)
  A frilled lizard (D:2)
  2 kobolds
  A rat (D:2)
9 creatures vanquished.

Notes
Turn   | Place    | Note
-------+----------+-------------------------------------------
     0 | D:1      | EnegeticOcto the Deep Dwarf Fighter began the quest for the
                  | Orb.
     0 | D:1      | Reached XP level 1. HP: 20/20 MP: 1/1
   186 | D:2      | Reached XP level 2. HP: 25/27 MP: 2/2
   255 | D:3      | Noticed Terence
   255 | D:3      | Noticed Sigmund
   267 | D:3      | Killed from afar by Sigmund

Levels and vault maps discovered:
D:1:      elethiomel_arrival_quiet, layout_basic, serial_bayou_pond_b
D:2:      layout_basic
D:3:      layout_basic, nicolae_ru_the_path_less_chosen, first_ration,
          solitary_fountain, uniq_terence, uniq_sigmund, uniq_ijyb

Action                   || total
-------------------------++-------
Melee: War axe           ||    40
 Abil: Heal Wounds       ||     1
Armor: Scale mail        ||    23
Dodge: Dodged            ||    18
Block: Kite shield       ||    25

Table legend:
 A = Non-vault XP
 B = Vault XP
 C = Vault XP percentage of total XP
 D = Non-vault monster count
 E = Vault monster count
 F = Vault count percentage of total count
                 A         B        C        D         E       F
            +---------+---------+-------+---------+---------+-------
      Total |      25 |       0 |   0.0 |       9 |       0 |   0.0
            +---------+---------+-------+---------+---------+-------
        D:1 |       1 |       0 |   0.0 |       1 |       0 |   0.0
        D:2 |      24 |       0 |   0.0 |       8 |       0 |   0.0
            +---------+---------+-------+---------+---------+-------
